 Dungeon Crawl Stone Soup version 0.23.1 (webtiles) character file.

Game seed: 0

276381 PikkenKukken the Crack Shot (level 19, -5/169 (170) HPs)
             Began as a Centaur Hunter on Mar 10, 2019.
             Was the Champion of Okawaru.
             Slain by an orc knight
             ... wielding a +0 great sword
              (21 damage)
             ... on level 1 of the Vaults.
             The game lasted 01:59:47 (38644 turns).

PikkenKukken the Crack Shot (Centaur Hunter)       Turns: 38644, Time: 01:59:48

HP:   -5/169 (170)  AC: 39    Str: 18    XL:     19   Next: 58%
MP:   20/22         EV: 12    Int: 11    God:    Okawaru [******]
Gold: 1946          SH:  0    Dex: 19    Spells: 14/21 levels left

rFire    . . .     SeeInvis .   b - +6 lajatang (elec)
rCold    + . .     Gourm    .   (shield currently unavailable)
rNeg     . . .     Faith    .   C - +7 plate armour of Higo {rF- MR++ Dex+2}
rPois    +         Spirit   .   w - +1 hat {MR+}
rElec    .         Reflect  .   l - +1 cloak {MR+}
rCorr    .         Harm     .   F - +1 pair of gloves {Dex+3}
MR       +++++                  S - +3 centaur barding of the New World {rC+}
Stlth    ..........             k - amulet of regeneration
HPRegen  0.78/turn              m - ring of poison resistance
MPRegen  0.18/turn              x - ring of protection from fire

@: heroism, very quick
A: large, hooves 3, deformed body, speed 2, tough skin 3
}: 2/15 runes: serpentine, barnacled
a: Heroism, Finesse, Renounce Religion


You were on level 1 of the Vaults.
You worshipped Okawaru.
Okawaru was exalted by your worship.
You were not hungry.

You visited 6 branches of the dungeon, and saw 33 of its levels.
You also visited: Ossuary, Bailey, Gauntlet, Ice Cave and Volcano.

You collected 3747 gold pieces.
You spent 1801 gold pieces at shops.

Inventory:

Hand Weapons
 a - the +9 longbow "No More Talking" {velocity, -Tele rElec Dex+2 SInv}
   (Okawaru gifted it to you on level 11 of the Dungeon)

   Any arrow fired from it inflicts extra damage.
   It affects your dexterity (+2).
   It insulates you from electricity.
   It lets you see invisible.
   It prevents most forms of teleportation.
 b - a +6 lajatang of electrocution (weapon)
 O - the +8 shortbow "Ygohof" {freeze, rN++ MP+9}
   (Okawaru gifted it to you on level 1 of the Vaults)

   It causes projectiles fired from it to freeze those they strike, causing
   extra injury to most foes and up to half again as much damage against
   particularly susceptible opponents.
   They can also slow down cold-blooded creatures.
   It greatly protects you from negative energy.
   It affects your magic capacity (+9).
Missiles
 d - 829 arrows
 K - 53 stones
 Z - 3 throwing nets (quivered)
Armour
 h - a +2 cloak
 l - a +1 cloak of magic resistance (worn)
 v - a +2 hat of see invisible
 w - a +1 hat of magic resistance (worn)
 y - the +3 scale mail of Woro {rElec rC+ Dex+6}
   (You found it on level 4 of the Lair of Beasts)

   It affects your dexterity (+6).
   It protects you from cold.
   It insulates you from electricity.
 C - the +7 plate armour of Higo (worn) {rF- MR++ Dex+2}
   (Okawaru gifted it to you on level 1 of the Snake Pit)

   It affects your dexterity (+2).
   It makes you vulnerable to fire.
   It affects your resistance to hostile enchantments.
 D - a +2 centaur barding of flying
 F - a +1 pair of gloves of dexterity (worn)
 S - the +3 centaur barding of the New World (worn) {rC+}
   (Okawaru gifted it to you on level 15 of the Dungeon)

   It protects you from cold.
Jewellery
 k - an amulet of regeneration (around neck)
 m - a ring of poison resistance (left hand)
 o - an uncursed ring of magical power
 s - an uncursed ring of protection from cold
 x - a ring of protection from fire (right hand)
 W - a +3 ring of evasion
Wands
 L - a wand of iceblast (46)
 R - a wand of acid (15)
 T - a wand of paralysis (12)
 V - a wand of scattershot (7)
Scrolls
 g - 15 scrolls of identify
 j - 6 scrolls of amnesia
 p - 9 scrolls of remove curse
 t - 5 scrolls of fog
 z - 15 scrolls of teleportation
 A - 2 scrolls of blinking
 B - 13 scrolls of enchant armour
 H - 2 scrolls of enchant weapon
 Q - 5 scrolls of fear
 X - 3 scrolls of magic mapping
Potions
 c - 4 potions of ambrosia
 e - 9 potions of mutation
 i - 4 potions of resistance
 n - 3 potions of invisibility
 q - 3 potions of might
 r - 8 potions of haste
 u - 12 potions of curing
 G - 7 potions of brilliance
 I - 5 potions of agility
 J - 5 potions of berserk rage
 M - 2 potions of cancellation
 N - 3 potions of heal wounds
Miscellaneous
 Y - 2 boxes of beasts
Comestibles
 f - 57 rations
 E - 4 chunks of flesh


   Skills:
 + Level 15.3(20.3) Fighting
 - Level 6.0(11.0) Staves
 * Level 25.6(27) Bows
 + Level 12.2(17.2) Armour
 + Level 12.3(17.3) Dodging
 - Level 0.4(5.4) Stealth
 + Level 1.6 Spellcasting
 + Level 2.0 Hexes
 - Level 6.0 Translocations
 - Level 5.0 Invocations


You had 14 spell levels left.
You knew the following spells:

 Your Spells              Type           Power        Failure   Level  Hunger
a - Apportation           Tloc           ##....       30%         1    ##.....
b - Confuse               Hex            #.......     99%         3    ####...
c - Portal Projectile     Hex/Tloc       #.....       90%         3    ####...

Your spell library contained the following spells:

 Spells                   Type           Power        Failure   Level  Hunger
 Blink                    Tloc           N/A          43%         2    ###....
 Confusing Touch          Hex            #.....       83%         1    ##.....
 Corona                   Hex            #......      83%         1    ##.....
 Slow                     Hex            #.......     93%         2    ###....
 Animate Skeleton         Necr           N/A          98%         1    ##.....
 Beastly Appendage        Tmut           #.....       98%         1    ##.....
 Freeze                   Ice            #...         98%         1    ##.....
 Magic Dart               Conj           #...         98%         1    ##.....
 Summon Small Mammal      Summ           #...         98%         1    ##.....
 Ensorcelled Hibernation  Hex/Ice        #.....       98%         2    ###....
 Call Imp                 Summ           #.......     99%         2    ###....
 Searing Ray              Conj           #.....       99%         2    ###....
 Throw Frost              Conj/Ice       #.....       99%         2    ###....
 Tukima's Dance           Hex            #.......     99%         3    ####...
 Conjure Flame            Conj/Fire      #.......     100%        3    ####...
 Dazzling Spray           Conj/Hex       #.....       100%        3    ####...
 Ignite Poison            Fire/Tmut/Pois #.......     100%        3    ####...
 Inner Flame              Hex/Fire       #.......     100%        3    ####...
 Mephitic Cloud           Conj/Pois/Air  #.......     100%        3    ####...
 Ozocubu's Armour         Chrm/Ice       #.......     100%        3    ####...
 Summon Guardian Golem    Hex/Summ       #.......     100%        3    ####...
 Cause Fear               Hex            #.........   100%        4    #####..
 Force Lance              Conj/Tloc      #.......     100%        4    #####..
 Fulminant Prism          Conj/Hex       #.........   100%        4    #####..
 Iskenderun's Mystic Bla  Conj           #.......     100%        4    #####..
 Leda's Liquefaction      Hex/Erth       #.........   100%        4    #####..
 Summon Ice Beast         Ice/Summ       #.......     100%        4    #####..
 Throw Icicle             Conj/Ice       #.......     100%        4    #####..
 Bolt of Magma            Conj/Fire/Erth #.........   100%        5    ######.
 Iron Shot                Conj/Erth      #.........   100%        6    #######
 Statue Form              Tmut/Erth      #........    100%        6    #######
 Shatter                  Erth           #.........   100%        9    #######


Dungeon Overview and Level Annotations

Branches:
Dungeon (15/15)            Temple (0/1) D:4            Lair (6/6) D:11
 Shoals (4/4) Lair:4        Snake (4/4) Lair:4        Slime (0/5) Lair:6
    Orc (2/2) D:12            Elf (0/3) Orc:2        Vaults (2/5) D:13
 Depths (0/5) D:15
  Crypt: Vaults:2-3

Altars:
Makhleb
Nemelex Xobeh
Okawaru
Ru
Sif Muna
Uskayaw
Xom
Yredelemnul
Zin
Beogh

Shops:
D:13 }   D:15 (   Orc:2 !*[%   Shoals:1 *   Shoals:4 ([%?*   Snake:2 *!
Snake:4 %(([!   Vaults:1 :*

Annotations:
Orc:2 3 runed translucent doors, Freyura's ghost, journeyman MiFi


Innate Abilities, Weirdness & Mutations

You have hooves in place of feet.
Armour fits poorly on your strangely shaped body.
You cover ground very quickly.
You have extremely tough skin. (AC +3)


Message History

You are too injured to fight recklessly!
You are too injured to fight recklessly!
You hear the crackle of electricity.
b - a +6 lajatang of electrocution (weapon)
The orc knight hits you with a +0 great sword.
* * * LOW HITPOINT WARNING * * *
You hit the orc knight but do no damage.
Your kick misses the orc knight.
The orc knight is almost dead.
The orc knight hits you with a +0 great sword!
* * * LOW HITPOINT WARNING * * *
You barely miss the orc knight. Your kick misses the orc knight.
The orc knight is almost dead.
You closely miss the orc knight. Your kick misses the orc knight.
The orc knight is almost dead.
The orc knight hits you with a +0 great sword!
* * * LOW HITPOINT WARNING * * *
You gain the combat prowess of a mighty hero.
The orc knight hits you with a +0 great sword!!
You die...

#..#.......# #########....#
#..#.......# #....#
#..#.......# #....#
#..#.......# #....#
#..#.......# #....#
...#.......###########....#
...#.......#.........#....#
####.......#.........#....#
...........#....@o...#....#
...........#.........#....#
...........#.........'....#
...........#.........#....#
...........###########....#
...........###########....#
##....................)...#
#........................#
#........................#


You could see an orc knight.

Vanquished Creatures
  Vashnia (Snake:2)
  Rupert (D:15)
  Polyphemus (Shoals:3)
  Frances (D:14)
  Agnes (Snake:3)
  Roxanne (D:14)
  Ilsuiw (Shoals:4)
  A frost giant (IceCv)
  Louise (Shoals:1)
  15 nagarajas (Snake:4)
  2 orc warlords
  2 vault wardens
  Aizul (Snake:4)
  3 ironheart preservers
  2 entropy weavers (Lair:4)
  A minotaur (Gauntlet)
  Snorg (D:14)
  4 merfolk javelineers
  A death ooze (Gauntlet)
  11 merfolk impalers
  Fannar (Lair:3)
  A great orb of eyes (Vaults:1)
  A yaktaur captain (Vaults:1)
  4 ogre magi
  A death knight (D:12)
  2 vault guards (Vaults:1)
  2 merfolk avatars
  3 centaur warriors
  7 hydras
  2 catoblepae
  An alligator snapping turtle (Shoals:4)
  3 merfolk aquamancers (Shoals:4)
  2 ice dragons (Vaults:1)
  11 naga warriors
  6 anacondas
  A queen ant (Lair:4)
  21 two-headed ogres
  3 satyrs
  7 death yaks
  A tengu warrior (D:12)
  A deep troll shaman (Lair:6)
  17 naga sharpshooters
  3 orc high priests
  5 shock serpents
  A salamander mystic (Snake:3)
  4 unseen horrors (D:15)
  8 skeletal warriors
  A shadow wraith (Vaults:1)
  9 sea snakes
  A glowing orange brain (Vaults:1)
  2 deep elf archers (Vaults:1)
  A kraken simulacrum (Shoals:4)
  5 ironbrand convokers (Vaults:1)
  2 wizards
  3 naga ritualists
  A lindwurm (shapeshifter) (D:13)
  A phantasmal warrior (Vaults:1)
  10 orc knights
  A wolf spider zombie (D:15)
  29 harpies
  An oklob plant (Lair:3)
  7 mana vipers
  2 wolf spiders
  8 cyclopes
  6 deep elf magi
  8 orc sorcerers
  7 salamanders
  17 ugly things
  22 manticores
  An elephant (shapeshifter) (D:13)
  9 elephants
  9 fauns
  9 merfolk sirens
  A molten gargoyle (Lair:2)
  27 black mambas
  7 water nymphs
  20 guardian serpents
  2 ice statues
  17 naga magi
  3 vault sentinels (Vaults:1)
  2 komodo dragons
  A rime drake (Gauntlet)
  A torpor snail (Gauntlet)
  7 spiny frogs
  3 yaktaurs (Vaults:1)
  A rime drake (shapeshifter) (Vaults:1)
  2 freezing wraiths (Vaults:1)
  2 efreet (Volcano)
  A queen bee (Lair:4)
  A tengu conjurer (D:12)
  5 wind drakes
  A hornet (shapeshifter) (D:15)
  15 polar bears
  3 meliai
  9 trolls
  A hornet (D:10)
  24 merfolk
  19 slime creatures
  10 snapping turtles
  5 blink frogs (Lair:6)
  A raiju (Gauntlet)
  12 dream sheep
  11 hippogriffs
  A vampire (D:9)
  11 water elementals
  A spriggan (shapeshifter) (D:14)
  A shadow (D:14)
  Sigmund (D:2)
  2 wraiths (D:15)
  7 fire elementals
  49 yaks
  A basilisk (Lair:5)
  3 hungry ghosts
  4 vampire mosquitoes (D:13)
  2 basilisks (shapeshifter) (Vaults:1)
  2 steam dragons
  Grum (D:8)
  3 wargs
  35 nagas
  An acid dragon (Vaults:2)
  28 soldier ants
  13 water moccasins
  11 porcupines
  4 ice beasts
  A sky beast (D:9)
  A necrophage (D:10)
  A hornet zombie (D:14)
  A black bear (D:10)
  4 eyes of draining
  49 orc warriors
  An ettin simulacrum (Vaults:1)
  24 ogres
  3 phantoms
  43 wolves
  5 boggarts (Vaults:1)
  22 centaurs
  A wolf (shapeshifter) (D:13)
  10 crocodiles
  2 big kobolds
  17 bullfrogs
  An earth elemental (D:11)
  A wyvern skeleton (D:6)
  5 scorpions
  23 killer bees
  4 troll zombies (D:12)
  6 electric eels
  8 wights
  4 centaur zombies
  6 lava snakes
  6 crimson imps
  4 bullfrog zombies
  18 orc priests
  3 bullfrog skeletons
  13 hounds
  16 jellies
  7 centaur skeletons
  A gnoll shaman (D:7)
  Terence (D:1)
  10 iguanas
  28 orc wizards
  26 worker ants
  4 ogre zombies (D:12)
  A hound zombie (D:11)
  14 mummies (Ossuary)
  20 adders
  7 gnolls
  7 shadow imps
  An adder skeleton (D:4)
  A worm (D:6)
  A dart slug (D:4)
  6 leopard geckos
  92 orcs
  6 bats
  6 giant cockroaches
  8 goblins
  11 hobgoblins
  12 jackals
  17 kobolds
  2 quokkas
  3 ball pythons (Snake:2)
  5 frilled lizards
  3 goblin skeletons
  3 goblin zombies (D:12)
  A hobgoblin skeleton (D:12)
  6 hobgoblin zombies (D:12)
  4 kobold skeletons (Ossuary)
  5 orc skeletons
  11 orc zombies (D:12)
  9 rats
  11 rat skeletons (Ossuary)
  2 fire vortices (Volcano)
  A fungus (Gauntlet)
  A plant (Shoals:3)
1395 creatures vanquished.

Vanquished Creatures (others)
  2 polar bears (IceCv)
  An air elemental (D:11)
  A water elemental (D:11)
  An iguana (D:11)
  4 fungi
  9 plants
18 creatures vanquished.

Grand Total: 1413 creatures vanquished

Notes
Turn   | Place    | Note
-------+----------+-------------------------------------------
     0 | D:1      | PikkenKukken the Centaur Hunter began the quest for the
                  | Orb.
     0 | D:1      | Reached XP level 1. HP: 17/17 MP: 1/1
     1 | D:1      | Noticed an electric eel
   109 | D:1      | Reached XP level 2. HP: 24/24 MP: 2/2
   821 | D:2      | Noticed Terence
   886 | D:1      | Killed Terence
   886 | D:1      | Reached skill level 6 in Bows
   886 | D:1      | Reached XP level 3. HP: 30/30 MP: 3/3
   961 | D:2      | Reached skill level 1 in Armour
   964 | D:2      | Found a basalt altar of Yredelemnul.
  1062 | D:2      | Noticed Sigmund
  1084 | D:2      | Reached XP level 4. HP: 37/37 MP: 4/4
  1098 | D:2      | Killed Sigmund
  1098 | D:2      | Reached skill level 7 in Bows
  1098 | D:2      | Reached XP level 5. HP: 41/45 MP: 5/5
  1163 | D:2      | Found an iron altar of Okawaru.
  1169 | D:2      | Became a worshipper of Warmaster Okawaru
  1538 | D:2      | Reached XP level 6. HP: 51/51 MP: 6/6
  1563 | D:2      | Found a glowing silver altar of Zin.
  2056 | D:3      | Found a hide-covered altar of Uskayaw.
  2093 | D:3      | Found a deep blue altar of Sif Muna.
  2592 | D:4      | Found a staircase to the Ecumenical Temple.
  2672 | D:4      | Reached skill level 1 in Invocations
  2776 | D:4      | Reached skill level 8 in Bows
  2779 | D:4      | Reached XP level 7. HP: 32/58 MP: 6/8
  3013 | D:4      | Reached * piety under Okawaru
  3229 | D:5      | Entered Level 5 of the Dungeon
  3562 | D:5      | Reached skill level 9 in Bows
  3729 | D:5      | Reached XP level 8. HP: 65/66 MP: 10/10
  4265 | D:6      | Reached ** piety under Okawaru
  4397 | D:6      | Reached skill level 10 in Bows
  4419 | D:6      | Found a sparkling altar of Nemelex Xobeh.
  4593 | D:6      | Reached skill level 5 in Fighting
  4849 | D:7      | Reached XP level 9. HP: 72/74 MP: 12/12
  4954 | D:7      | Reached *** piety under Okawaru
  5170 | D:7      | Reached skill level 11 in Bows
  5307 | D:7      | Found a sand-covered staircase.
  5312 | Ossuary  | Entered an ossuary
  5986 | D:8      | Reached skill level 5 in Invocations
  6147 | D:8      | Received a gift from Okawaru
  6408 | D:9      | Noticed Grum
  6678 | D:8      | Killed Grum
  6678 | D:8      | Reached **** piety under Okawaru
  6678 | D:8      | Reached skill level 12 in Bows
  6776 | D:9      | Found a transporter.
  6797 | D:9      | Received a gift from Okawaru
  6797 | D:9      | Reached XP level 10. HP: 84/84 MP: 10/13
  7112 | D:9      | Reached skill level 5 in Dodging
  7313 | D:9      | Received a gift from Okawaru
  7416 | D:9      | Noticed a two-headed ogre
  7418 | D:9      | Found a roughly hewn altar of Beogh.
  7418 | D:9      | Found a transporter.
  7554 | D:10     | Entered Level 10 of the Dungeon
  7658 | D:10     | Found a sacrificial altar of Ru.
  7848 | D:10     | Received a gift from Okawaru
  7958 | D:10     | Reached skill level 13 in Bows
  8267 | D:10     | Paralysed by a hornet for 2 turns
  8412 | D:10     | Reached skill level 5 in Armour
  8908 | D:11     | Found a staircase to the Lair.
  8967 | D:11     | Reached XP level 11. HP: 92/92 MP: 12/14
  9046 | D:11     | Reached ***** piety under Okawaru
  9065 | D:11     | Reached skill level 14 in Bows
  9076 | D:11     | Received a gift from Okawaru
  9209 | D:11     | Found a large runed translucent door.
  9209 | D:11     | Found a large runed translucent door.
  9490 | D:11     | Found a burning altar of Makhleb.
  9534 | D:11     | Noticed a purple ugly thing
  9555 | D:11     | Killed a purple ugly thing
  9555 | D:11     | Received a gift from Okawaru
  9559 | D:11     | Got a translucent longbow {god gift}
  9560 | D:11     | Identified the +9 longbow "No More Talking" {velocity,
                  | -Tele rElec Dex+2 SInv} (Okawaru gifted it to you on level
                  | 11 of the Dungeon)
  9822 | Lair:1   | Entered Level 1 of the Lair of Beasts
 10497 | Lair:2   | Reached skill level 15 in Bows
 10772 | Lair:2   | Reached skill level 1 in Staves
 11133 | Lair:3   | Noticed Fannar
 11143 | Lair:3   | Killed Fannar
 11178 | Lair:3   | Reached XP level 12. HP: 76/103 MP: 9/15
 11268 | Lair:3   | Received a gift from Okawaru
 11393 | Lair:3   | Found a frozen archway.
 11403 | IceCv    | Entered an ice cave
 11462 | IceCv    | Received a gift from Okawaru
 11462 | IceCv    | Reached skill level 16 in Bows
 11738 | IceCv    | Received a gift from Okawaru
 11955 | IceCv    | Noticed a frost giant
 12001 | IceCv    | Killed a frost giant
 12154 | IceCv    | Received a gift from Okawaru
 12589 | Lair:3   | Received a gift from Okawaru
 12608 | Lair:3   | Received a gift from Okawaru
 12623 | Lair:3   | Got a wizard robe {god gift}
 12634 | Lair:3   | Identified the +1 robe "Lepaekam" {Regen+ Str+4 Dex-3 SInv}
                  | (Okawaru gifted it to you on level 3 of the Lair of Beasts)
 12751 | Lair:3   | Reached skill level 17 in Bows
 12751 | Lair:3   | Reached XP level 13. HP: 112/112 MP: 16/16
 13012 | Lair:4   | Got a scorched scale mail
 13023 | Lair:4   | Identified the +3 scale mail of Woro {rElec rC+ Dex+6} (You
                  | found it on level 4 of the Lair of Beasts)
 13450 | Lair:4   | Found a staircase to the Snake Pit.
 13456 | Lair:4   | Reached skill level 10 in Fighting
 13523 | Lair:4   | Found a gate leading to a gauntlet.
 13570 | Gauntlet | Entered a Gauntlet
 13570 | Gauntlet | Found a transporter.
 13570 | Gauntlet | Found a transporter.
 13570 | Gauntlet | Found a transporter.
 13571 | Gauntlet | Found a transporter.
 13574 | Gauntlet | Found a transporter.
 13594 | Gauntlet | Found a transporter.
 13595 | Gauntlet | Found a transporter.
 13643 | Gauntlet | Noticed a death ooze
 13644 | Gauntlet | Found a transporter.
 13659 | Gauntlet | Found a transporter.
 13669 | Gauntlet | Found a transporter.
 13781 | Gauntlet | Killed a death ooze
 13941 | Gauntlet | Reached skill level 5 in Staves
 13946 | Gauntlet | Got a steaming turquoise ring
 13975 | Gauntlet | Identified the ring "Dufol" {*Tele rC+} (You found it in a
                  | Gauntlet)
 13983 | Gauntlet | Found a transporter.
 13985 | Gauntlet | Found a transporter.
 14028 | Gauntlet | Noticed a minotaur
 14035 | Gauntlet | Killed a minotaur
 14035 | Gauntlet | Received a gift from Okawaru
 14055 | Gauntlet | Got an ancient tin ring
 14056 | Gauntlet | Got an ivory halberd
 14056 | Gauntlet | Got a pitted mace
 14056 | Gauntlet | Got a dazzling scale mail
 14059 | Gauntlet | Identified the +5 halberd of Truncation {protect, rElec rC-
                  | Dex+5} (You found it in a Gauntlet)
 14060 | Gauntlet | Identified the +6 mace "Cuaghesh" {pain, rN+} (You found it
                  | in a Gauntlet)
 14071 | Gauntlet | Identified the cursed +0 scale mail of the Slorg {rPois
                  | rF++ MP+9 Int-2} (You found it in a Gauntlet)
 14223 | Lair:4   | Noticed an entropy weaver
 14325 | Lair:4   | Killed an entropy weaver
 14325 | Lair:4   | Received a gift from Okawaru
 14467 | Lair:4   | Reached skill level 18 in Bows
 14527 | Lair:4   | Identified the ring of Daffodils {Ice SInv} (You found it
                  | in a Gauntlet)
 14565 | Lair:4   | Got a pair of translucent gloves
 14579 | Lair:4   | Identified the +0 pair of gloves of Tytwoir {rPois rN+
                  | Str-2 Dex+2} (You found it on level 4 of the Lair of
                  | Beasts)
 14601 | Lair:4   | Found a staircase to the Shoals.
 14601 | Lair:4   | Noticed an entropy weaver
 14609 | Lair:4   | Killed an entropy weaver
 14609 | Lair:4   | Received a gift from Okawaru
 15007 | Lair:5   | Received a gift from Okawaru
 15148 | Lair:5   | Found a dark tunnel.
 15167 | Volcano  | Entered a volcano
 15502 | Lair:5   | Received a gift from Okawaru
 15600 | Lair:5   | Reached XP level 14. HP: 122/122 MP: 17/17
 16139 | Lair:6   | Entered Level 6 of the Lair of Beasts
 16141 | Lair:6   | Received a gift from Okawaru
 16212 | Lair:6   | Found a staircase to the Slime Pits.
 17102 | Lair:6   | Reached skill level 19 in Bows
 18270 | D:12     | Received a gift from Okawaru
 18327 | D:12     | Found a staircase to the Orcish Mines.
 18477 | D:12     | Received a gift from Okawaru
 18560 | D:12     | Received a gift from Okawaru
 19240 | D:12     | Received a gift from Okawaru
 19468 | Orc:1    | Entered Level 1 of the Orcish Mines
 19570 | Orc:2    | Entered Level 2 of the Orcish Mines
 19583 | Orc:2    | Found a staircase to the Elven Halls.
 19655 | Orc:1    | Found a flagged portal.
 19674 | Bailey   | Entered a bailey
 19689 | Bailey   | Received a gift from Okawaru
 19782 | Bailey   | Found the +5 scythe "Finisher" {speed, eviscerate}
 19802 | Bailey   | Identified the Grimoire of Summoning and Shape Shifting
 20012 | Orc:2    | Reached skill level 20 in Bows
 20020 | Orc:2    | Reached XP level 15. HP: 132/132 MP: 10/18
 20375 | Orc:2    | Noticed an orc warlord
 20544 | Orc:1    | Killed an orc warlord
 20850 | Orc:2    | Found a runed translucent gate.
 20851 | Orc:2    | Found a runed translucent gate.
 20856 | Orc:2    | Found a runed translucent gate.
 20858 | Orc:2    | Noticed Freyura's ghost (journeyman MiFi)
 21094 | Orc:2    | Found Mugh's Food Boutique.
 21094 | Orc:2    | Found Jiqu's Antique Armour Boutique.
 21096 | Orc:2    | Found Ysi Kutz's Assorted Antiques.
 21096 | Orc:2    | Found Pear's Distillery.
 22123 | D:13     | Found Uschao's Gadget Shop.
 22316 | D:13     | Found a gate to the Vaults.
 22622 | D:14     | Noticed Frances
 22634 | D:14     | Killed Frances
 22634 | D:14     | Received a gift from Okawaru
 22646 | D:14     | Noticed Snorg
 22654 | D:14     | Killed Snorg
 22654 | D:14     | Reached skill level 21 in Bows
 23019 | D:14     | Noticed Roxanne
 23041 | D:14     | Killed Roxanne
 23041 | D:14     | Received a gift from Okawaru
 23512 | D:15     | Entered Level 15 of the Dungeon
 23524 | D:15     | Received a gift from Okawaru
 23656 | D:15     | Noticed Rupert
 23674 | D:15     | Killed Rupert
 23674 | D:15     | Received a gift from Okawaru
 23674 | D:15     | Reached skill level 10 in Dodging
 23796 | D:15     | Reached XP level 16. HP: 138/140 MP: 19/19
 23807 | D:15     | Received a gift from Okawaru
 23895 | D:15     | Got a distressingly furry centaur barding {god gift}
 23906 | D:15     | Identified the +3 centaur barding of the New World {rC+}
                  | (Okawaru gifted it to you on level 15 of the Dungeon)
 24041 | D:15     | Reached skill level 10 in Armour
 24372 | D:15     | Found Anaycs's Weapon Boutique.
 24416 | D:15     | Found a staircase to the Depths.
 24781 | Snake:1  | Entered Level 1 of the Snake Pit
 25084 | Snake:1  | Reached skill level 22 in Bows
 25337 | Snake:1  | Received a gift from Okawaru
 25340 | Snake:1  | Got a smoking plate armour {god gift}
 25351 | Snake:1  | Identified the +7 plate armour of Higo {rF- MR++ Dex+2}
                  | (Okawaru gifted it to you on level 1 of the Snake Pit)
 26073 | Snake:2  | Noticed Vashnia
 26196 | Snake:2  | Killed Vashnia
 26495 | Snake:2  | Found Dohukiv's Distillery.
 26495 | Snake:2  | Found Tynnubru's General Store.
 26509 | Snake:2  | Bought a potion of cancellation for 144 gold pieces
 26517 | Snake:2  | Learned a level 1 spell: Apportation
 26521 | Snake:2  | Learned a level 3 spell: Confuse
 26799 | Snake:2  | You fall through a shaft!
 27702 | Snake:3  | Reached skill level 1 in Translocations
 27846 | Shoals:1 | Entered Level 1 of the Shoals
 27848 | Shoals:1 | Noticed Louise
 27866 | Shoals:1 | Killed Louise
 27866 | Shoals:1 | Reached XP level 17. HP: 138/149 MP: 18/20
 27908 | Shoals:1 | Reached ****** piety under Okawaru
 27954 | Shoals:1 | Received a gift from Okawaru
 28380 | Shoals:1 | Reached skill level 23 in Bows
 28429 | Shoals:1 | Found Imaen's Island Escapes.
 28821 | Shoals:1 | Bought a scroll of teleportation for 54 gold pieces
 28821 | Shoals:1 | Bought a scroll of blinking for 135 gold pieces
 29350 | Shoals:2 | Received a gift from Okawaru
 29765 | Shoals:3 | Noticed Polyphemus
 29783 | Shoals:3 | Killed Polyphemus
 30754 | Snake:4  | Entered Level 4 of the Snake Pit
 30843 | Snake:4  | Noticed Agnes
 30859 | Snake:3  | Killed Agnes
 31047 | Snake:4  | Found a shimmering altar of Xom.
 31220 | Snake:4  | Found Yget's Distillery.
 31547 | Snake:4  | Found Wete's Weapon Boutique.
 31572 | Snake:4  | Received a gift from Okawaru
 31612 | Snake:4  | Found Nugy's Weapon Emporium.
 31655 | Snake:4  | Found Eremubua's Armour Shop.
 31662 | Snake:4  | Bought 11 arrows for 41 gold pieces
 31662 | Snake:4  | Bought 25 arrows for 95 gold pieces
 31754 | Snake:4  | Noticed Aizul
 31763 | Snake:4  | Reached XP level 18. HP: 145/159 MP: 18/21
 31769 | Snake:4  | Killed Aizul
 32067 | Snake:4  | Found Uqoe's Food Shoppe.
 32090 | Snake:4  | Reached skill level 24 in Bows
 32314 | Snake:4  | Reached skill level 5 in Translocations
 32972 | Snake:4  | Received a gift from Okawaru
 33039 | Snake:4  | Received a gift from Okawaru
 33672 | Snake:4  | Got a serpentine rune of Zot
 34071 | Shoals:4 | Entered Level 4 of the Shoals
 34072 | Shoals:4 | Found Goox Xishre's Magic Scroll Shop.
 34083 | Shoals:4 | Bought a scroll of teleportation for 30 gold pieces
 34232 | Shoals:4 | Found Momus's General Store.
 34241 | Shoals:4 | Bought a scroll of teleportation for 42 gold pieces
 34307 | Shoals:4 | Received a gift from Okawaru
 34387 | Shoals:4 | Got a barnacled rune of Zot
 34405 | Shoals:4 | Found Sassadom's Food Shoppe.
 34733 | Shoals:4 | Received a gift from Okawaru
 34841 | Shoals:4 | Found Pokeff's Armour Emporium.
 34861 | Shoals:4 | Bought a +1 cloak of magic resistance for 280 gold pieces
 34918 | Shoals:4 | Noticed Ilsuiw
 34947 | Shoals:4 | Killed Ilsuiw
 34947 | Shoals:4 | Received a gift from Okawaru
 35458 | Shoals:4 | Found Couwoe's Weapon Shoppe.
 35493 | Shoals:4 | Reached skill level 25 in Bows
 35687 | Shoals:4 | Reached XP level 19. HP: 85/168 MP: 19/22
 36122 | Vaults:1 | Entered Level 1 of the Vaults
 36196 | Vaults:1 | Reached skill level 15 in Fighting
 36513 | Vaults:1 | Found Keita's General Store.
 36539 | Vaults:1 | Bought 24 arrows for 57 gold pieces
 36539 | Vaults:1 | Bought 23 stones for 27 gold pieces
 36539 | Vaults:1 | Bought a scroll of magic mapping for 42 gold pieces
 36539 | Vaults:1 | Bought 22 arrows for 52 gold pieces
 36539 | Vaults:1 | Bought a scroll of magic mapping for 42 gold pieces
 36955 | Vaults:1 | Found Racwiuvi's Book Shoppe.
 36958 | Vaults:1 | Bought a book of Debilitation for 760 gold pieces
 36962 | Vaults:1 | Learned a level 3 spell: Portal Projectile
 37519 | Vaults:1 | Reached skill level 1 in Hexes
 37531 | Vaults:1 | Received a gift from Okawaru
 37549 | Vaults:1 | Got a faintly glowing shortbow {god gift}
 37550 | Vaults:1 | Identified the +8 shortbow "Ygohof" {freeze, rN++ MP+9}
                  | (Okawaru gifted it to you on level 1 of the Vaults)
 37634 | Vaults:1 | Reached skill level 1 in Spellcasting
 38644 | Vaults:1 | Slain by an orc knight

Skill      XL: |  1  2  3  4  5  6  7  8  9 10 11 12 13 14 15 16 17 18 19 |
---------------+----------------------------------------------------------+-----
Bows           | 6 7 8 9 10 12 13 15 17 18 20 21 22 23 25 | 25.6
Armour         | 1 2 3 4 5 6 7 8 9 10 11 12 | 12.2
Fighting       | 3 4 5 6 7 8 9 10 11 12 13 14 15 | 15.3
Dodging        | 2 3 4 5 6 7 8 9 10 11 12 | 12.3
Invocations    | 1 2 4 5 |  5.0
Staves         | 2 4 6 |  6.0
Translocations | 1 4 6 |  6.0
Hexes          | 2 |  2.0
Spellcasting   | 1 |  1.6
Stealth        | |  0.4

Action                   |  1- 3 |  4- 6 |  7- 9 | 10-12 | 13-15 | 16-18 | 19-21 || total
-------------------------+-------+-------+-------+-------+-------+-------+-------++-------
Melee: Dagger            |    24 |   141 |   509 |    88 |       |       |       ||   762
       Kick              |     4 |    21 |   133 |    26 |    43 |    16 |       ||   243
       Punch             |       |       |     3 |       |       |       |       ||     3
       Quarterstaff      |       |       |       |       |   116 |    14 |       ||   130
       Lajatang          |       |       |       |       |       |    23 |     3 ||    26
 Fire: Shortbow          |    68 |    18 |    76 |   384 |       |       |       ||   546
       Longbow           |       |       |       |   317 |  1306 |  1605 |   474 ||  3702
Throw: Throwing net      |       |       |     1 |       |       |       |       ||     1
Invok: Heroism           |       |       |    12 |    26 |    34 |    23 |     1 ||    96
       Finesse           |       |       |       |     2 |     9 |     9 |     1 ||    21
Evoke: Wand              |       |       |       |       |       |     1 |       ||     1
  Use: Scroll            |     2 |     5 |    10 |    11 |    11 |     7 |       ||    46
       Potion            |       |       |       |       |     1 |     2 |       ||     3
 Stab: Sleeping          |       |       |     1 |       |       |       |       ||     1
  Eat: Chunk             |       |     4 |     8 |    13 |    23 |    15 |     7 ||    70
       Ration            |       |       |     1 |       |     1 |     4 |       ||     6
Armor: Leather armour    |     2 |       |       |       |       |       |       ||     2
       Chain mail        |    32 |    85 |       |       |       |       |       ||   117
       Quicksilver drago |       |    12 |   246 |   143 |     3 |       |       ||   404
       Scale mail        |       |       |       |       |   273 |    21 |       ||   294
       Plate armour      |       |       |       |       |       |   551 |    60 ||   611
Dodge: Dodged            |     8 |    37 |   206 |   125 |   400 |   261 |    38 ||  1075
